 Dungeon Sprint DCSS version 0.29.0-11-gd7f09526c8 (webtiles) character file.

Game seed: 14938468866883122766

4300000 Zeld the Axe Maniac (level 20, -8/256 HPs)
             Began as a Troll Monk on Sept 6, 2022.
             Was the Champion of Makhleb.
             Mangled by a meat berserker
             ... wielding a +9 battleaxe
              (42 damage)
             ... in the Dungeon (Sprint VIII: "Arena of Blood").
             The game lasted 00:01:18 (43 turns).

Zeld the Axe Maniac (Troll Monk)                      Turns: 43, Time: 00:01:19

Health: -8/256     AC:  4    Str: 30    XL:     20   Next: 32%
Magic:  6/36       EV: 21    Int:  6    God:    Makhleb [******]
Gold:   0          SH:  0    Dex: 12    Spells: 23/23 levels left

rFire   . . .      SeeInvis .   i - +∞ Axe of Woe
rCold   . . .      Faith    .   (shield currently unavailable)
rNeg    . . .      Spirit   .   a - +0 robe
rPois   .          Reflect  .   (helmet restricted)
rElec   .          Harm     .   (no cloak)
rCorr   .          Rampage  .   (gloves unavailable)
Will    +....      NoTele   +   (boots unavailable)
Stlth   +++++++++.              (no amulet)
HPRegen 1.32/turn               (no ring)
MPRegen 0.25/turn               (no ring)

@: no status effects
A: large, unfitting armour, claws 3, regeneration 1, shaggy fur 1, tough skin 1
a: Renounce Religion, Minor Destruction, Lesser Servant of Makhleb, Major
Destruction, Greater Servant of Makhleb


You were in the Dungeon.
You worshipped Makhleb.
Makhleb was exalted by your worship.
You visited 1 branch

Inventory:

Hand Weapons
 i - the +∞ Axe of Woe (weapon)
   (You found it in the Dungeon)
Armour
 a - a +0 robe (worn)
Scrolls
 h - a scroll of blinking
Potions
 b - a potion of ambrosia
 c - a potion of curing
 d - a potion of heal wounds
 e - a potion of haste
 f - 2 potions of magic
 g - a potion of berserk rage


   Skills:
 O Level 27 Fighting
 + Level 3.2(3.7) Short Blades
 + Level 2.8(3.5) Long Blades
 O Level 27 Axes
 + Level 3.1(19.8) Maces & Flails
 + Level 2.8(18.3) Polearms
 + Level 2.8(4.0) Staves
 + Level 2.2 Ranged Weapons
 + Level 3.1 Throwing
 + Level 2.8 Armour
 O Level 27 Dodging
 O Level 27 Stealth
 + Level 3.1 Shields
 - Level 3.0 Unarmed Combat
 + Level 2.0 Spellcasting
 + Level 2.5 Conjurations
 + Level 2.6 Hexes
 + Level 2.9 Summonings
 + Level 3.2 Necromancy
 + Level 2.9 Translocations
 + Level 2.9 Transmutations
 + Level 2.9 Fire Magic
 + Level 2.9 Ice Magic
 + Level 2.6 Air Magic
 + Level 3.5 Earth Magic
 + Level 2.9 Poison Magic
 O Level 27 Invocations
 + Level 2.9 Evocations


You had 23 spell levels left.
You didn't know any spells.
Your spell library was empty.

Dungeon Overview and Level Annotations

Branches:
Dungeon (1/1)

Altars:
Makhleb


Innate Abilities, Weirdness & Mutations

You are too large for most types of armour.
You have claws for hands.
Your natural rate of healing is unusually fast.
You are covered in fur. (AC +1)
You have tough skin. (AC +1)


Message History

The bag of meat is engulfed in blazing flames.
The bag of meat closely misses you.
You hear a shout!
The eight-headed meat hydra calls on the powers of darkness!
The eight-headed meat hydra convulses!
Your body is wracked with pain!
The bag of meat convulses!
The meat berserker convulses! x3
The bag of meat convulses!
You hear a shout! x5; You hear two shouts!
Unknown command.
Unknown command.
Unknown command.
You slice the bag of meat!!
You butcher the bag of meat messily.
You kill the bag of meat!
Makhleb accepts your kill.
You feel better.
You are engulfed in blazing flames.
You hear a shout! x6
Your Short Blades skill increases to level 3!
Your base Maces & Flails skill increases to level 3!
Your Throwing skill increases to level 3!
Your Shields skill increases to level 3!
Your Spellcasting skill increases to level 2!
Your Necromancy skill increases to level 3!
Unknown command.
Unknown command.
Unknown command.
Unknown command.
Unknown command.
You are engulfed in blazing flames.
* * * LOW HITPOINT WARNING * * *
You hear a shout! x7
The meat berserker is engulfed in blazing flames.
You hear a shout!
The eight-headed meat hydra calls on the powers of darkness!
The eight-headed meat hydra convulses!
The meat berserker convulses!
Your body is wracked with pain!
* * * LOW HITPOINT WARNING * * *
The meat berserker convulses! x2; The bag of meat convulses!
You hear a shout! x2
The meat berserker hits you with a +9 battleaxe!!!
You die...

.. .. .. .. #.
.# #.. ..#
.###.. ..###.
......###......
......._.......
....#..O)D#..o.
. #_O@○_# .
#.○O§.#
....o_.....
......###......
.###.. ..###.


#oo ..# #.. ..# .. .. You could see an eight-headed meat hydra, 3 meat
berserkers and 3 bags of meat.

Vanquished Creatures
  2 vampire knights (D)
  9 ogres (D)
  2 two-headed ogres (D)
  24 orcs (D)
  2 skeletal warriors (D)
39 creatures vanquished.

Notes
Turn   | Place    | Note
-------+----------+-------------------------------------------
     0 | D        | Found the +∞ Axe of Woe
     0 | D        | Zeld the Troll Monk began the quest for the Orb.
     0 | D        | Reached XP level 1. HP: 22/22 MP: 0/0
     2 | D        | Noticed a bag of meat
     4 | D        | Became a worshipper of Makhleb the Destroyer
     4 | D        | Reached * piety under Makhleb
     4 | D        | Reached ** piety under Makhleb
     4 | D        | Noticed a bag of meat
     5 | D        | Noticed a bag of meat
     5 | D        | Noticed a bag of meat
     6 | D        | Noticed a bag of meat
     6 | D        | Noticed a bag of meat
     6 | D        | Noticed a bag of meat
     6 | D        | Noticed a bag of meat
     7 | D        | Killed a bag of meat
     7 | D        | Noticed a bag of meat
     8 | D        | Reached skill level 10 in Axes
     8 | D        | Reached XP level 2. HP: 49/49 MP: 0/7
     8 | D        | Reached XP level 3. HP: 57/57 MP: 0/9
     8 | D        | Reached XP level 4. HP: 66/66 MP: 0/10
     8 | D        | Reached XP level 5. HP: 74/74 MP: 0/12
     8 | D        | Reached XP level 6. HP: 81/81 MP: 0/13
     8 | D        | Reached XP level 7. HP: 89/89 MP: 0/14
     8 | D        | Reached XP level 8. HP: 98/98 MP: 0/15
     8 | D        | Reached XP level 9. HP: 106/106 MP: 0/16
     8 | D        | Reached XP level 10. HP: 115/115 MP: 0/17
     8 | D        | Killed a bag of meat
     8 | D        | Noticed a meat berserker
     8 | D        | Noticed a bag of meat
     8 | D        | Noticed a bag of meat
     9 | D        | Reached XP level 11. HP: 127/127 MP: 0/19
     9 | D        | Noticed a meat berserker
     9 | D        | Noticed a bag of meat
     9 | D        | Noticed a bag of meat
    10 | D        | Killed a bag of meat
    10 | D        | Killed a bag of meat
    10 | D        | Reached *** piety under Makhleb
    10 | D        | Noticed a meat berserker
    11 | D        | Reached skill level 15 in Fighting
    11 | D        | Reached skill level 15 in Dodging
    11 | D        | Reached skill level 15 in Invocations
    11 | D        | Reached XP level 12. HP: 143/143 MP: 0/22
    11 | D        | Reached XP level 13. HP: 150/150 MP: 0/23
    11 | D        | Killed a bag of meat
    11 | D        | Noticed a bag of meat
    12 | D        | Reached skill level 5 in Stealth
    12 | D        | Killed a bag of meat
    12 | D        | Killed a meat berserker
    12 | D        | Reached **** piety under Makhleb
    12 | D        | Killed a bag of meat
    12 | D        | Noticed a bag of meat
    12 | D        | Noticed a bag of meat
    13 | D        | Reached XP level 14. HP: 71/170 MP: 1/26
    13 | D        | Killed a bag of meat
    13 | D        | Killed a meat berserker
    13 | D        | Reached ***** piety under Makhleb
    13 | D        | Killed a bag of meat
    13 | D        | Killed a meat berserker
    13 | D        | Killed a bag of meat
    13 | D        | Noticed a meat berserker
    14 | D        | Reached XP level 15. HP: 187/187 MP: 1/28
    14 | D        | Reached XP level 16. HP: 197/197 MP: 1/29
    17 | D        | Noticed a meat berserker
    18 | D        | Reached ****** piety under Makhleb
    19 | D        | Killed a meat berserker
    20 | D        | Reached XP level 17. HP: 214/214 MP: 2/31
    22 | D        | Noticed a large bag of meat
    23 | D        | Killed a meat berserker
    23 | D        | Noticed a meat berserker
    24 | D        | Reached skill level 27 in Axes
    25 | D        | Killed a large bag of meat
    26 | D        | Noticed a meat berserker
    27 | D        | Reached XP level 18. HP: 207/235 MP: 3/34
    28 | D        | Noticed a meat berserker
    29 | D        | Reached skill level 27 in Fighting
    29 | D        | Reached skill level 27 in Invocations
    29 | D        | Noticed a meat berserker
    30 | D        | Noticed a destroyer
    30 | D        | Killed a meat berserker
    30 | D        | Noticed a large bag of meat
    31 | D        | Reached skill level 27 in Dodging
    31 | D        | Reached skill level 10 in Stealth
    31 | D        | Killed a meat berserker
    32 | D        | Noticed a sculptor of flesh
    33 | D        | Reached skill level 15 in Stealth
    33 | D        | Noticed a sculptor of flesh
    34 | D        | Killed a meat berserker
    34 | D        | Noticed an eight-headed meat hydra
    35 | D        | Reached XP level 19. HP: 204/245 MP: 5/35
    35 | D        | Killed a destroyer
    36 | D        | Noticed a destroyer
    37 | D        | Killed a meat berserker
    37 | D        | Noticed a meat berserker
    38 | D        | Killed a destroyer
    38 | D        | Noticed a meat berserker
    39 | D        | Reached skill level 27 in Stealth
    39 | D        | Reached XP level 20. HP: 241/256 MP: 5/36
    39 | D        | Noticed a destroyer
    40 | D        | Killed a large bag of meat
    41 | D        | Reached skill level 1 in Spellcasting
    41 | D        | Noticed a meat berserker
    43 | D        | Mangled by a meat berserker

Illustrated notes

Levels and vault maps discovered:
D:        meatsprint

Skill      XL: |  1  2  3  4  5  6  7  8  9 10 11 12 13 14 15 16 17 18 19 20 |
---------------+-------------------------------------------------------------+-----
Fighting       | 11 13 15 18 21 23 26 27 | 27.0
Axes           | 10 11 13 17 21 25 27 | 27.0
Dodging        | 11 13 15 18 20 22 24 27 | 27.0
Stealth        | 3 4 5 6 7 8 19 27 | 27.0
Invocations    | 11 13 15 18 21 23 26 27 | 27.0
Short Blades   | 3 |  3.2
Long Blades    | 2 |  2.8
Maces & Flails | 3 |  3.1
Polearms       | 2 |  2.8
Staves         | 2 |  2.8
Ranged Weapons | 2 |  2.2
Throwing       | 3 |  3.1
Armour         | 2 |  2.8
Shields        | 3 |  3.1
Spellcasting   | 2 |  2.0
Conjurations   | 2 |  2.5
Hexes          | 2 |  2.6
Summonings     | 2 |  2.9
Necromancy     | 3 |  3.2
Translocations | 2 |  2.9
Transmutations | 2 |  2.9
Fire Magic     | 2 |  2.9
Ice Magic      | 2 |  2.9
Air Magic      | 2 |  2.6
Earth Magic    | 3 |  3.5
Poison Magic   | 2 |  2.9
Evocations     | 2 |  2.9
Unarmed Combat | |  3.0

Action                   |  1- 3 |  4- 6 |  7- 9 | 10-12 | 13-15 | 16-18 | 19-21 || total
-------------------------+-------+-------+-------+-------+-------+-------+-------++-------
Melee: Executioner's axe |     1 |       |       |     2 |     3 |    14 |     6 ||    26
Dodge: Dodged            |       |       |       |     1 |       |       |     1 ||     2
